 Dungeon Crawl Stone Soup version 0.31.0-1-g2c135a0 (webtiles) character file.

Game seed: 8632274155305803732

12 jagoly the Trooper (level 2, -1/19 HPs)
             Began as a Gargoyle Monk on Feb 2, 2024.
             Frozen to death by an endoplasm (5 damage)
             ... on level 2 of the Dungeon.
             The game lasted 00:00:49 (116 turns).

jagoly the Trooper (Gargoyle Monk)                   Turns: 116, Time: 00:00:49

Health: -1/19      AC:  4    Str: 14    XL:     2   Next: 33%
Magic:  2/2        EV: 12    Int: 10    God:
Gold:   2          SH:  0    Dex: 12    Spells: 1/1 levels left

rFire   . . .        a - +0 hand axe
rCold   . . .        d - orb {light}
rNeg    + . .        b - +0 robe
rPois   ∞            (no helmet)
rElec   +            (no cloak)
rCorr   .            (no gloves)
SInv    .            (no boots)
Will    .....        (no amulet)
Stlth   +            (no ring)
HPRegen 0.23/turn    (no ring)
MPRegen 0.08/turn

%: no passive effects
@: glowing
A: sickness immunity, AC +2, negative energy resistance 1, electricity
resistance, torment resistance 1, petrification resistance
a: no special abilities


You were on level 2 of the Dungeon.
You visited 1 branch of the dungeon, and saw 2 of its levels.

You collected 2 gold pieces.

Inventory:

Hand Weapons
 a - a +0 hand axe (weapon)
Armour
 b - a +0 robe (worn)
 d - an orb of light (worn)
Scrolls
 e - a scroll of teleportation {unknown}
 f - a scroll of blinking {unknown}
 g - a scroll of identify {unknown}
Potions
 c - a potion of ambrosia


   Skills:
 + Level 3.4 Fighting
 * Level 3.0 Axes
 + Level 0.7 Armour
 + Level 2.5 Dodging


You had one spell level left.
You didn't know any spells.
Your spell library was empty.

Dungeon Overview and Level Annotations

Branches:
Dungeon (2/15) Zot: 11878

Altars:


Innate Abilities, Weirdness & Mutations

You are immune to sickness and miasma.
Your stone body is resilient. (AC +2)
You are immune to poison.
You resist negative energy. (rN+)
You are resistant to electric shocks. (rElec)
You are resistant to unholy torment.
You are immune to petrification.


Message History

Welcome, jagoly the Gargoyle Monk.
A smirking vizier told you that the Orb of Zot is just within this dungeon.
Press ? for a list of commands and other information.
Found a staircase leading out of the dungeon.
Adjust (i)tems, (s)pells, or (a)bilities?
Huh?
Unknown command.
There is a fountain of clear blue water here.
Found a scroll labelled YTTUMAQEBUTO.
e - a scroll labelled YTTUMAQEBUTO A bat comes into view.
The bat barely misses you.
A bat is nearby!
You hit the bat.
You kill the bat!
You see here a bat corpse.
An endoplasm comes into view.
An endoplasm is nearby!
Found 2 gold pieces.
The endoplasm quivers.
You hit the endoplasm.
The endoplasm is heavily wounded.
The endoplasm freezes you.
You are frozen.
You hit the endoplasm but do no damage.
The endoplasm is heavily wounded.
The endoplasm closely misses you.
You hit the endoplasm.
You kill the endoplasm!
No target in view!
You now have 2 gold pieces.
A rat comes into view.
The rat squeaks loudly.
You hear a loud squeak.
A rat is nearby!
Found a scroll labelled GOJOREGHIENEO.
The rat twitches its whiskers.
The rat barely misses you.
A rat comes into view.
The rat squeaks loudly.
You hit the rat.
You kill the rat!
Found a scroll labelled WEEDER QOKHLIAVO.
Found a stone staircase leading down.
The rat bites you but does no damage.
You hit the rat but do no damage. The rat closely misses you.
The rat misses you.
You hit the rat.
The rat is severely wounded.
The rat bites you.
You hit the rat but do no damage.
The rat is severely wounded.
The rat barely misses you.
You hit the rat but do no damage.
The rat is severely wounded.
The rat bites you.
You hit the rat but do no damage.
The rat is severely wounded.
The rat barely misses you.
You hit the rat.
You kill the rat!
Found a stone staircase leading down.
f - a scroll labelled GOJOREGHIENEO
g - a scroll labelled WEEDER QOKHLIAVO A ball python comes into view.
The ball python hisses angrily.
The ball python moves out of view.
A ball python is nearby!
A ball python is nearby!
A ball python is nearby!
A dart slug comes into view.
There is a stone staircase leading down here.
You climb downwards.
The goblin shouts!
The hobgoblin shouts!
There is a stone staircase leading up here.
A kobold comes into view. It is wielding a +0 short sword.
The kobold shouts!
You barely miss the giant cockroach.
The giant cockroach bites you but does no damage.
The giant cockroach completely misses you.
You hit the giant cockroach but do no damage.
The giant cockroach barely misses you.
You hit the giant cockroach.
The giant cockroach is moderately wounded.
You hit the goblin. The giant cockroach barely misses you.
The goblin barely misses you.
You barely miss the giant cockroach.
The giant cockroach is moderately wounded.
You hit the goblin. You hit the hobgoblin.
The giant cockroach bites you but does no damage.
The hobgoblin hits you but does no damage.
The goblin hits you but does no damage.
The giant cockroach bites you but does no damage.
You hit the goblin.
You kill the goblin!
You barely miss the giant cockroach. You barely miss the hobgoblin.
The hobgoblin misses you. The giant cockroach barely misses you.
You barely miss the giant cockroach.
The giant cockroach is moderately wounded.
You hit the hobgoblin. The giant cockroach misses you. The hobgoblin hits you.
The giant cockroach bites you but does no damage.
The hobgoblin closely misses you.
You hit the hobgoblin.
The hobgoblin is almost dead.
You hit the giant cockroach but do no damage.
The giant cockroach bites you but does no damage.
The hobgoblin hits you.
A dart slug comes into view.
You hit the hobgoblin but do no damage.
The hobgoblin is almost dead.
You barely miss the giant cockroach.
The giant cockroach bites you but does no damage.
The hobgoblin hits you.
You hit the hobgoblin but do no damage.
The hobgoblin is almost dead.
You hit the giant cockroach but do no damage.
The giant cockroach bites you but does no damage.
The hobgoblin barely misses you. The giant cockroach barely misses you.
You hit the hobgoblin.
You kill the hobgoblin!
You hit the giant cockroach.
The giant cockroach bites you but does no damage.
The dart slug launches a dart at you. The slug dart hits you.
* * * LOW HITPOINT WARNING * * *
You have reached level 2!
You hit the kobold but do no damage. You hit the giant cockroach.
The giant cockroach bites you but does no damage.
The kobold hits you with a +0 short sword.
* * * LOW HITPOINT WARNING * * *
You hit the kobold but do no damage. You barely miss the giant cockroach.
The giant cockroach closely misses you. The kobold hits you but does no damage.
The giant cockroach closely misses you.
The dart slug briefly extends its eye-stalks.
You barely miss the kobold. You hit the giant cockroach.
The kobold barely misses you. The giant cockroach barely misses you.
The kobold hits you with a +0 short sword.
* * * LOW HITPOINT WARNING * * *
You hit the kobold.
You kill the kobold!
You hit the giant cockroach.
You kill the giant cockroach!
Things that are here:
a +0 dagger; a goblin corpse You hit the dart slug.
The dart slug is lightly wounded.
The dart slug barely misses you.
You hit the dart slug.
The dart slug is heavily wounded.
An endoplasm comes into view.
The endoplasm quivers.
You hit the dart slug but do no damage.
The dart slug is heavily wounded.
The dart slug bites you.
* * * LOW HITPOINT WARNING * * *
You hit the dart slug.
You kill the dart slug!
Your Axes skill increases to level 3!
The endoplasm freezes you.
You are frozen.
* * * LOW HITPOINT WARNING * * *
You hit the endoplasm but do no damage. The endoplasm hits you.
* * * LOW HITPOINT WARNING * * *
You hit the endoplasm.
The endoplasm is lightly wounded.
The endoplasm freezes you.
You are frozen.
You die...

######### ..
........###....
.......<).....#
#......)###.#.#
#.#####.###.#.#
#@.......
#J##....# #.#
.### #.# # ...
###


You could see an endoplasm.

Vanquished Creatures
  A dart slug (D:2)
  A bat (D:1)
  An endoplasm (D:1)
  A giant cockroach (D:2)
  A goblin (D:2)
  A hobgoblin (D:2)
  A kobold (D:2)
  2 rats (D:1)
9 creatures vanquished.

Notes
Turn   | Place    | Note
-------+----------+-------------------------------------------
     0 | D:1      | jagoly the Gargoyle Monk began the quest for the Orb.
     0 | D:1      | Reached XP level 1. HP: 14/14 MP: 1/1
   104 | D:2      | Reached XP level 2. HP: 10/19 MP: 2/2
   116 | D:2      | Frozen to death by an endoplasm

Illustrated notes

Levels and vault maps discovered:
D:1:      scummos_arrival_forest, layout_rooms, minmay_misc_feat_more_columns
D:2:      layout_loops_ring

Skill      XL: |  1  2 |
---------------+-------+-----
Axes           | 3 |  3.0
Fighting       | |  3.4
Armour         | |  0.7
Dodging        | |  2.5

Action                     || total
---------------------------++-------
  Melee: Hand axe          ||    31
 Armour: Robe              ||    23
  Dodge: Dodged            ||    22
